 Dungeon Crawl Stone Soup version 0.20-a0-204-ge9bc5e3 (webtiles) character file.

553 Faca the Shield-Bearer (level 7, -10/55 HPs)
             Began as a Formicid Fighter on Nov 24, 2016.
             Killed by divine providence
             ... invoked by an orc priest
              (17 damage)
             ... on level 5 of the Dungeon.
             The game lasted 00:13:55 (2973 turns).

Faca the Shield-Bearer (Formicid Fighter)           Turns: 2973, Time: 00:13:56

Health: -10/55     AC:  8    Str: 21    XL:     7   Next: 55%
Magic:  7/7        EV:  8    Int:  7    God:
Gold:   288        SH:  0    Dex: 12    Spells: 6/6 levels left

rFire  + . .     SeeInvis +     a - +0 flail
rCold  x . .     Gourm    .     b - +0 scale mail
rNeg   . . .     Faith    .     c - +0 shield
rPois  .         Spirit   .     (helmet unavailable)
rElec  .         Reflect  .     (no cloak)
rCorr  .         Harm     .     j - +0 pair of gloves
MR     .....                    (no boots)
Stlth  ..........               (no amulet)
                                (no ring)
                                e - ring of fire

@: confused
A: permanent stasis, dig shafts and tunnels, four strong arms, antennae 3
a: Dig, Shaft Self


You were on level 5 of the Dungeon.
You were not hungry.

You visited 1 branch of the dungeon, and saw 5 of its levels.

You collected 288 gold pieces.

Inventory:

Hand Weapons
 a - a +0 flail (weapon)
Armour
 b - a +0 scale mail (worn)
 c - a +0 shield (worn)
 j - a +0 pair of gloves (worn)
Jewellery
 e - a ring of fire (left hand)
 f - an uncursed ring of fire
Wands
 k - a wand of iceblast (3/15)
 m - a wand of disintegration (15/24)
Scrolls
 h - 2 scrolls of remove curse
 i - 3 scrolls of identify
 l - a scroll of recharging
 n - a scroll of teleportation {unknown}
Potions
 d - a potion of might
 g - a potion of flight


   Skills:
 + Level 4.3 Fighting
 + Level 5.4 Maces & Flails
 + Level 4.6 Armour
 + Level 0.3 Stealth
 + Level 5.7 Shields


You had 6 spell levels left.
You didn't know any spells.

Dungeon Overview and Level Annotations

Branches:
Dungeon (5/15)
 Temple: D:4-7

Altars:
Cheibriados
Sif Muna
Xom

Shops:
D:4 :


Innate Abilities, Weirdness & Mutations

You cannot be hasted, slowed, berserked, paralysed or teleported.
You can dig through walls and to a lower floor.
Your four strong arms can wield two-handed weapons with a shield.
You have a pair of large antennae on your head. (SInv)


Message History

You are too injured to fight recklessly!
You are too injured to fight recklessly!
You are too injured to fight recklessly!
Okay, then.
You closely miss the orc priest.
The orc priest is almost dead.
The orc wizard hits you but does no damage.
The orc hits you but does no damage.
The orc priest miscasts a cantrip.
The orc wizard casts a spell at you. The puff of flame misses you.
You block the orc's attack.
You barely miss the orc priest.
The orc priest is almost dead.
The orc priest looks satisfied for a moment.
The orc wizard points at you and mumbles some strange words.
You are confused.
The orc hits you but does no damage.
The orc priest mumbles some strange prayers to Beogh against you.
Beogh smites you!
You die...

...# ##.## #....## #..#
#.....# ###..## #....##
##.....# #####....##
##......##
..........###..##....##
........§§P§§.####....#
......ooPP§P§## ##...##
.......@.§§§.# #....#
......o#.§§§## ##....
.......##..## ##...
....... #..# ##..
......# ...# #.. ....#.
....# #.. #####..#####
### ##


You could see an orc priest, an orc wizard and an orc.

Vanquished Creatures
  A centaur (D:5)
  A bullfrog (D:5)
  A water moccasin zombie (D:5)
  2 bullfrog skeletons (D:4)
  3 hounds
  A worker ant (D:4)
  A hound skeleton (D:5)
  A howler monkey zombie (D:5)
  3 gnolls (D:3)
  2 adders
  An ooze (D:2)
  An adder zombie (D:5)
  2 dart slugs
  A leopard gecko (D:1)
  10 orcs (D:3)
  7 bats
  3 giant cockroaches (D:1)
  8 goblins
  11 hobgoblins
  14 jackals
  6 kobolds
  2 quokkas
  A ball python (D:1)
  5 frilled lizards
  A giant cockroach zombie (D:5)
  A jackal skeleton (D:4)
  4 rats
94 creatures vanquished.

Notes
Turn   | Place    | Note
-------+----------+-------------------------------------------
     0 | D:1      | Faca the Formicid Fighter began the quest for the Orb.
     0 | D:1      | Reached XP level 1. HP: 18/18 MP: 1/1
    87 | D:1      | Reached XP level 2. HP: 19/24 MP: 2/2
   326 | D:1      | Reached XP level 3. HP: 29/29 MP: 3/3
   698 | D:2      | Reached XP level 4. HP: 28/37 MP: 4/4
  1104 | D:3      | HP: 1/37 [orc/flail (3)]
  1327 | D:3      | Found a deep blue altar of Sif Muna.
  1329 | D:3      | Found a snail-covered altar of Cheibriados.
  1392 | D:3      | Reached XP level 5. HP: 42/42 MP: 5/5
  1450 | D:3      | Found a shimmering altar of Xom.
  2051 | D:4      | Reached skill level 5 in Shields
  2051 | D:4      | Reached XP level 6. HP: 48/48 MP: 6/6
  2241 | D:4      | Found Woaqauka's Book Emporium.
  2622 | D:5      | Entered Level 5 of the Dungeon
  2637 | D:5      | Reached XP level 7. HP: 51/54 MP: 7/7
  2665 | D:5      | Reached skill level 5 in Maces & Flails
  2973 | D:5      | Killed from afar by an orc priest

Vault maps used:
D:1:      dpeg_arrival_water_temple_mockup, fountainhead, grunt_decor_cap
D:3:      chequers_temple_overflow_statue_of_worship, lemuel_tele_altar
D:4:      serial_shops, shop
D:5:      serial_undead, serial_undead_d, serial_undead_c, serial_undead_b,
          serial_undead_e, first_bread, minmay_misc_feat_chi,
          nicolae_qazlal_style_of_elements

Skill      XL: |  1  2  3  4  5  6  7 |
---------------+----------------------+-----
Shields        | 4 5 |  5.7
Maces & Flails | 3 4 5 |  5.4
Armour         | 4 |  4.6
Fighting       | 4 |  4.3
Stealth        | |  0.3

Action                   |  1- 3 |  4- 6 |  7- 9 || total
-------------------------+-------+-------+-------++-------
Melee: Flail             |    99 |   227 |    61 ||   387
Evoke: Wand              |       |     1 |       ||     1
  Use: Scroll            |     3 |     2 |       ||     5
       Potion            |     1 |     2 |       ||     3
  Eat: Bread ration      |       |     1 |       ||     1
       Fruit             |       |     1 |       ||     1
       Meat ration       |       |     1 |       ||     1
Armor: Scale mail        |    34 |   116 |    70 ||   220
Dodge: Dodged            |    36 |    90 |    37 ||   163
Block: Shield            |    51 |   140 |    57 ||   248
